 Dungeon Crawl Stone Soup version 0.28.0-45-g0d030f2227 (webtiles) character file.

Game seed: 12631769584724752796

19 Peloso the Skirmisher (level 2, -1/27 HPs)
             Began as a Minotaur Fighter on Apr 15, 2022.
             Slain by a gnoll
             ... wielding a +0 flail
              (7 damage)
             ... on level 1 of the Dungeon.
             The game lasted 00:00:57 (595 turns).

Peloso the Skirmisher (Minotaur Fighter)             Turns: 595, Time: 00:00:58

Health: -1/27      AC:  7    Str: 18 (20) XL:     2   Next: 55%
Magic:  1/1        EV:  9    Int:  2 (5)  God:
Gold:   22         SH:  4    Dex:  8 (9)  Spells: 1/1 levels left

rFire   . . .      SeeInvis .   a - +0 long sword
rCold   . . .      Faith    .   c - +0 buckler
rNeg    . . .      Spirit   .   b - +0 scale mail
rPois   .          Reflect  .   (helmet restricted)
rElec   .          Harm     .   (no cloak)
rCorr   .          Rampage  .   (no gloves)
Will    .....                   (no boots)
Stlth   ..........              (no amulet)
HPRegen 0.09/turn               (no ring)
MPRegen 0.07/turn               (no ring)

@: no status effects
A: horns 2, retaliatory headbutt
a: no special abilities


You were on level 1 of the Dungeon.
You visited 1 branch of the dungeon, and saw 1 of its levels.

You collected 22 gold pieces.

Inventory:

Hand Weapons
 a - a +0 long sword (weapon)
Armour
 b - a +0 scale mail (worn)
 c - a +0 buckler (worn)
Scrolls
 e - 2 scrolls of identify {unknown}
 f - a scroll of noise {unknown}
 g - a scroll of teleportation {unknown}
Potions
 d - a potion of might


   Skills:
 + Level 4.1 Fighting
 + Level 2.6 Long Blades
 + Level 3.7 Armour
 + Level 0.5 Dodging
 + Level 4.1 Shields


You had one spell level left.
You didn't know any spells.
Your spell library was empty.

Dungeon Overview and Level Annotations

Branches:
Dungeon (1/15)

Altars:


Innate Abilities, Weirdness & Mutations

You have a pair of horns on your head.
You reflexively headbutt those who attack you in melee.


Message History

The endoplasm quivers.
An endoplasm is nearby!
The endoplasm hits you.
You slash the endoplasm!
You kill the endoplasm!
You now have 22 gold pieces (gained 1).
A ball python comes into view.
Found a scroll labelled XEINIXYFAA.
A ball python is nearby!
A ball python is nearby!
A gnoll comes into view. It is wielding a +0 flail.
The gnoll shouts!
You slash the ball python!
You kill the ball python!
You barely miss the gnoll. Your headbutt misses the gnoll.
The gnoll hits you with a +0 flail. The gnoll closely misses you.
You barely miss the gnoll. You headbutt the gnoll.
The gnoll is lightly wounded.
The gnoll hits you but does no damage.
You closely miss the gnoll. Your headbutt misses the gnoll.
The gnoll is lightly wounded.
The gnoll hits you with a +0 flail.
You barely miss the gnoll.
The gnoll is lightly wounded.
The gnoll hits you with a +0 flail. You block the gnoll's attack.
You hit the gnoll but do no damage.
The gnoll is lightly wounded.
The gnoll hits you with a +0 flail.
You closely miss the gnoll.
The gnoll is lightly wounded.
The gnoll hits you with a +0 flail.
You closely miss the gnoll.
The gnoll is lightly wounded.
The gnoll barely misses you.
You barely miss the gnoll.
The gnoll is lightly wounded.
The gnoll hits you with a +0 flail!
* * * LOW HITPOINT WARNING * * *
The gnoll hits you with a +0 flail!
You die...

....#####.#####.........#..#
#.#.
....'..............##.#.#..#
#.#.
....##########........#.#..#
#.#. ....# #.......###.#..#
#.#. ....#
#.....#.###.#..###.#. ....#
#.....#..##(#..#...#. .####
#.....##.##.#..#.###. .#
#.....##.##.#..#.# #. .#
#...@.##..#.#..#.# #. .#
#...g.###†#.#..#.# #. .#
#.....+.....#..#.###. .#
#?....####..#..#...#. †#
#####.. #..#..###.#. .## ...
#..#....#.#. ..# ##.
#..#.##.#.#. #.#######
..#.......#.#. ........#####
#..#.######.


You could see a gnoll.

Vanquished Creatures
  3 endoplasms (D:1)
  A hobgoblin (D:1)
  A quokka (D:1)
  6 ball pythons (D:1)
  3 bats (D:1)
  A frilled lizard (D:1)
  2 goblins (D:1)
  A kobold (D:1)
  A rat (D:1)
19 creatures vanquished.

Notes
Turn   | Place    | Note
-------+----------+-------------------------------------------
     0 | D:1      | Peloso the Minotaur Fighter began the quest for the Orb.
     0 | D:1      | Reached XP level 1. HP: 19/19 MP: 0/0
   192 | D:1      | Reached XP level 2. HP: 18/27 MP: 1/1
   595 | D:1      | Slain by a gnoll

Illustrated notes

Levels and vault maps discovered:
D:1:      dpeg_arrival_oval, layout_basic, minivault_24

Skill      XL: |  1  2 |
---------------+-------+-----
Fighting       | 4 |  4.1
Shields        | 4 |  4.1
Long Blades    | |  2.6
Armour         | |  3.7
Dodging        | |  0.5

Action                   || total
-------------------------++-------
Melee: Long sword        ||    49
       Headbutt          ||     6
  Use: Potion            ||     2
 Stab: Invisible         ||     1
Armor: Scale mail        ||    22
Dodge: Dodged            ||    28
Block: Buckler           ||    16
